 Dungeon Crawl Stone Soup version 0.28.0-43-g3370ac3207 (webtiles) character file.

Game seed: 11699433135234386534

629 Yannar the Poker (level 7, 0/54 HPs)
             Began as a Human Berserker on Mar 1, 2022.
             Was a Priest of Trog.
             Shot with an arrow by a centaur (11 damage)
             ... on level 4 of the Dungeon.
             The game lasted 00:26:12 (4361 turns).

Yannar the Poker (Human Berserker)                  Turns: 4361, Time: 00:26:13

Health: 0/54       AC:  7    Str: 20    XL:     7   Next: 77%
Magic:  7/7        EV: 10    Int:  7    God:    Trog [***...]
Gold:   67         SH:  0    Dex: 12    Spells: 6/6 levels left

rFire   . . .      SeeInvis +   a - +0 spear
rCold   . . .      Faith    .   (no shield)
rNeg    . . .      Spirit   .   n - +0 scale mail
rPois   .          Reflect  .   (no helmet)
rElec   .          Harm     .   (no cloak)
rCorr   .          Rampage  .   (no gloves)
Will    ++...                   (no boots)
Stlth   ..........              (no amulet)
HPRegen 1.18/turn               s - ring of see invisible
MPRegen 0.10/turn               (no ring)

@: strong-willed, regenerating
A: no striking features
a: Renounce Religion, Berserk, Trog's Hand


You were on level 4 of the Dungeon.
You worshipped Trog.
Trog was most pleased with you.
You visited 1 branch of the dungeon, and saw 4 of its levels.

You collected 67 gold pieces.

Inventory:

Hand Weapons
 a - a +0 spear (weapon)
Armour
 b - a +0 animal skin
 n - a +0 scale mail (worn)
 q - a +1 scale mail of poison resistance
Jewellery
 s - a ring of see invisible (left hand)
Wands
 o - a wand of flame (6) (quivered)
 v - a wand of iceblast (7)
Scrolls
 c - 2 scrolls of immolation {unknown}
 d - 2 scrolls of blinking {unknown}
 j - a scroll of vulnerability {unknown}
 m - a scroll of enchant armour {unknown}
 t - 4 scrolls of identify {unknown}
Potions
 e - a potion of berserk rage {unknown}
 f - 2 potions of curing {unknown}
 g - a potion of attraction {unknown}
 h - a potion of flight {unknown}
 i - a potion of heal wounds {unknown}
 k - a potion of degeneration {unknown}
 l - a potion of haste {unknown}
 p - a potion of magic {unknown}
 r - a potion of invisibility {unknown}
 u - a potion of mutation {unknown}


   Skills:
 + Level 4.0 Fighting
 * Level 6.3 Polearms
 * Level 4.5 Armour
 + Level 2.8 Dodging
 + Level 0.5 Stealth


You had 6 spell levels left.
You didn't know any spells.
Your spell library was empty.

Dungeon Overview and Level Annotations

Branches:
Dungeon (4/15)
 Temple: D:4-7

Altars:


Message History

You feel very sick.
The kobold throws a poisoned dart.
The poisoned dart hits you!
You are more poisoned.
The centaur shoots an arrow.
The arrow barely misses you.
You hear a shout!
You feel very sick.
The centaur shoots an arrow.
The arrow barely misses you.
You feel very sick.
You feel very sick.
You feel sick.
You feel sick.
You feel sick.
You feel sick.
You feel sick.
You feel sick.
You feel sick.
You feel sick.
You are no longer poisoned.
The centaur shoots an arrow.
The arrow hits you!
* * * LOW HITPOINT WARNING * * *
The kobold throws a poisoned dart.
The poisoned dart barely misses you.
Okay, then.
Your skin crawls.
You feel strong-willed.
The kobold throws a poisoned dart.
The poisoned dart closely misses you.
The orc shouts! 2 orcs come into view.
The orc shouts!
The orc throws a boomerang.
The boomerang hits you but does no damage.
The centaur shoots an arrow.
The arrow hits you.
* * * LOW HITPOINT WARNING * * *
The orc hits you but does no damage. The orc hits you but does no damage.
The orc barely misses you.
Your skin crawls.
You feel strong-willed. The orc closely misses you.
The centaur shoots an arrow.
The arrow hits you!
* * * LOW HITPOINT WARNING * * *
The centaur shoots an arrow.
The arrow hits you!
You die...

#. ... ... ##.
....##... .##..
........# .....
.......#### #.....
#........###.#....
##................
#.................
#@..............#.
##.oo..........### ##
##.o..........###
###.###c.......#...##.
#........#.....#...###
##..c######........# #
##.....#######....##.
##.#...## #....####
####..K####.....###


You could see a centaur and 3 orcs.

Vanquished Creatures
  Menkaure (D:4)
  The ghost of Miritol the Cudgeller, an amateur TeMo (D:4)
  A phantom (D:3)
  A scorpion (D:4)
  A water moccasin skeleton (D:4)
  2 hounds (D:4)
  Terence (D:3)
  7 adders
  A river rat (D:4)
  A worm (D:2)
  3 dart slugs
  2 orcs (D:3)
  11 ball pythons
  11 endoplasms
  4 giant cockroaches
  12 goblins
  9 hobgoblins
  5 jackals
  3 quokkas
  7 bats
  2 frilled lizards
  4 kobolds
  5 rats
95 creatures vanquished.

Notes
Turn   | Place    | Note
-------+----------+-------------------------------------------
     0 | D:1      | Yannar the Human Berserker began the quest for the Orb.
     0 | D:1      | Reached XP level 1. HP: 18/18 MP: 1/1
   262 | D:1      | Found a faded altar of an unknown god.
   291 | D:1      | Reached XP level 2. HP: 13/24 MP: 2/2
  1040 | D:1      | Reached XP level 3. HP: 24/29 MP: 3/3
  1932 | D:2      | Reached ** piety under Trog
  1933 | D:2      | Reached XP level 4. HP: 35/35 MP: 4/4
  2359 | D:2      | Reached skill level 4 in Polearms
  2733 | D:3      | Reached XP level 5. HP: 38/41 MP: 5/5
  2748 | D:3      | Noticed Terence
  2759 | D:3      | Killed Terence
  3021 | D:3      | Noticed a phantom
  3033 | D:3      | Killed a phantom
  3034 | D:3      | Reached skill level 5 in Polearms
  3034 | D:3      | Reached XP level 6. HP: 48/48 MP: 6/6
  4058 | D:4      | Noticed Menkaure
  4062 | D:4      | Killed Menkaure
  4063 | D:4      | Reached skill level 6 in Polearms
  4063 | D:4      | Reached XP level 7. HP: 54/54 MP: 7/7
  4114 | D:3      | Reached *** piety under Trog
  4223 | D:4      | Found a runed translucent door.
  4228 | D:4      | Noticed Miritol's ghost (amateur TeMo)
  4254 | D:4      | Killed Miritol's ghost
  4260 | D:4      | Found a runed translucent door.
  4361 | D:4      | Shot with an arrow by a centaur

Illustrated notes

Levels and vault maps discovered:
D:1:      psy_arrival_statuary, layout_basic, ebering_ecumenical_altar_webs,
          minmay_distorted
D:2:      layout_basic
D:3:      layout_basic, minmay_pentomino_pile, uniq_terence
D:4:      layout_cave_pools, ebering_ghost_sewer_f, uniq_menkaure, uniq_robin

Skill      XL: |  1  2  3  4  5  6  7 |
---------------+----------------------+-----
Polearms       | 4 5 6 |  6.3
Armour         | 3 4 |  4.5
Fighting       | 4 |  4.0
Dodging        | |  2.8
Stealth        | |  0.5

Action                   |  1- 3 |  4- 6 |  7- 9 || total
-------------------------+-------+-------+-------++-------
Melee: Spear             |   105 |   201 |    69 ||   375
       Punch             |     2 |     2 |       ||     4
Invok: Berserk           |       |     2 |     1 ||     3
       Trog's Hand       |       |       |     2 ||     2
Evoke: Wand              |       |     3 |       ||     3
 Stab: Sleeping          |     4 |       |       ||     4
Armor: Animal skin       |    12 |     8 |       ||    20
       Scale mail        |       |    36 |    25 ||    61
Dodge: Dodged            |    49 |    86 |    33 ||   168
